 Dungeon Crawl Stone Soup version 0.32-a0-126-g9fbf7fb75a (webtiles) character file.

Game seed: 17185257301583903659

7 Ge0ff the Charlatan (level 1, -3/15 HPs)
             Began as a Mummy Artificer on Feb 7, 2024.
             Slain by a goblin
             ... wielding a +0 dagger of electrocution
              (13 damage)
             ... on level 1 of the Dungeon.
             The game lasted 00:00:35 (117 turns).

Ge0ff the Charlatan (Mummy Artificer)                Turns: 117, Time: 00:00:35

Health: -3/15      AC:  3    Str: 15    XL:     1   Next: 91%
Magic:  1/1        EV: 11    Int: 10    God:
Gold:   18         SH:  0    Dex: 12    Spells: 0/0 levels left

rFire   x . .        a - +0 club
rCold   + . .        (no shield)
rNeg    + + +        b - +0 leather armour
rPois   ∞            (no helmet)
rElec   .            (no cloak)
rCorr   .            (no gloves)
SInv    .            (no boots)
Will    .....        (no amulet)
Stlth   +            (no ring)
HPRegen 0.22/turn    (no ring)
MPRegen 0.07/turn

%: faith
@: no status effects
A: cold resistance 1, negative energy resistance 3, torment resistance 2, heat
vulnerability 1, in touch with death 1, no potions, faith
a: no special abilities


You were on level 1 of the Dungeon.
You visited 1 branch of the dungeon, and saw 1 of its levels.

You collected 18 gold pieces.

Inventory:

Hand Weapons
 a - a +0 club (weapon)
Armour
 b - a +0 leather armour (worn)
Wands
 e - a wand of charming (15)
 f - a wand of flame (15)
 k - a wand of iceblast (5)
Scrolls
 g - a scroll of vulnerability {unknown}
 l - a scroll of noise {unknown}
 m - a scroll of identify {unknown}


   Skills:
 + Level 1.3 Fighting
 - Level 1.5 Armour
 - Level 0.7 Dodging
 + Level 1.1 Stealth
 + Level 2.5 Evocations


You couldn't memorise any spells.
You didn't know any spells.
Your spell library was empty.

Dungeon Overview and Level Annotations

Branches:
Dungeon (1/15) Zot: 5875

Altars:


Innate Abilities, Weirdness & Mutations

You are immune to poison.
Your flesh is cold resistant. (rC+)
You are immune to negative energy. (rN+++)
You are immune to unholy pain and torment.
You are vulnerable to heat. (rF-)
You are in touch with the powers of death.
You do not drink.
You have a special connection with the divine. (Faith)


Message History

There is a large open door here.
The dart slug closely misses you.
You hit the dart slug.
The dart slug is severely wounded.
The dart slug bites you.
You hit the dart slug.
The dart slug is severely wounded.
The dart slug launches a dart at you. The slug dart hits you.
You hit the dart slug.
You kill the dart slug!
Your Stealth skill increases to level 1!
You see here a dart slug corpse.
You see here a +0 dagger.
HP restored.
You see here a ball python corpse.
m - a scroll labelled SILIRE MUTAG A dart slug comes into view.
A goblin comes into view. It is wielding a +0 club.
You hit the dart slug.
The dart slug is lightly wounded.
The dart slug bites you but does no damage.
You hit the dart slug but do no damage.
You punch the dart slug, but do no damage.
The dart slug is lightly wounded.
A goblin comes into view.
It is wielding a +0 dagger of electrocution.
The goblin shouts!
You hit the dart slug. You punch the dart slug.
The dart slug is heavily wounded.
You hear a shout!
The dart slug bites you.
You hit the dart slug but do no damage.
The dart slug is heavily wounded.
The dart slug launches a dart at you. The slug dart hits you.
You hit the dart slug.
The dart slug is severely wounded.
The dart slug closely misses you.
You hit the dart slug but do no damage.
The dart slug is severely wounded.
The dart slug closely misses you.
You hit the dart slug.
You kill the dart slug!
You closely miss the goblin. The goblin hits you but does no damage.
The goblin barely misses you.
You hit the goblin but do no damage.
The goblin hits you with a +0 dagger of electrocution.
You are electrocuted!
Ouch! That really hurt!
You die...

##### ###....###
#........## ......†#..#
...#..g@#.##
..#.#......##
.#.#.#......##
#.#.#.#......###
#.#.#.#.......#
#.#.#.#.#....#.#########
.#.#.#.#.#.......†.)†...
#.#.#.#.#.#...#~~~~~~~~.
.#.#.#.#.#..#~..ß..ß..


You could see a goblin.

Vanquished Creatures
  2 dart slugs (D:1)
  A goblin (D:1)
  A ball python (D:1)
4 creatures vanquished.

Notes
Turn   | Place    | Note
-------+----------+-------------------------------------------
     0 | D:1      | Ge0ff the Mummy Artificer began the quest for the Orb.
     0 | D:1      | Reached XP level 1. HP: 15/15 MP: 1/1
    83 | D:1      | Reached skill level 1 in Stealth
   117 | D:1      | Slain by a goblin

Illustrated notes

Levels and vault maps discovered:
D:1:      lightli_arrival_isolated_outpost, layout_rooms, st_stairs_14,
          nicolae_the_louvre

Skill      XL: |  1 |
---------------+----+-----
Stealth        | 1 |  1.1
Fighting       | |  1.3
Armour         | |  1.5
Dodging        | |  0.7
Evocations     | |  2.5

Action                     || total
---------------------------++-------
  Melee: Club              ||    21
         Punch             ||     2
 Armour: Leather armour    ||    14
  Dodge: Dodged            ||     9

Table legend: (Time is in decaauts)
 A = Elapsed time spent in this place.
 B = Non-inter-level travel time spent in this place.
 C = Inter-level travel time spent in this place.
 D = Time resting spent in this place.
 E = Time spent auto-exploring this place.
 F = Levels seen in this place.
 G = Mean time per level.
                   A        B        C        D        E       F      G
               +--------+--------+--------+--------+--------+-----+--------+
         Total |    123 |    123 |      0 |      0 |     52 |   1 |  123.0 |
       Dungeon |    123 |    123 |      0 |      0 |     52 |   1 |  123.0 |
               +--------+--------+--------+--------+--------+-----+--------+

Top non-repeatable levels by time:
     D:1: 123 daAuts
